 Dungeon Crawl Stone Soup version 0.31-a0-234-gad7ace16ef (webtiles) character file.

Game seed: 17920001480128662900

7546 Ijustatesigmund the Tainter (level 11, -9/105 HPs)
             Began as an Octopode Venom Mage on July 10, 2023.
             Was a Believer of Vehumet.
             Killed by the air
             ... invoked by Gastronok
              (33 damage)
             ... on level 9 of the Dungeon.
             The game lasted 00:26:26 (11949 turns).

Ijustatesigmund the Tainter (Octopode Venom Mage)  Turns: 11949, Time: 00:26:27

Health: -9/105     AC: 10    Str:  7    XL:     11   Next: 16%
Magic:  15/21      EV: 23    Int: 21    God:    Vehumet [**....]
Gold:   278        SH:  6    Dex: 12    Spells: 14/24 levels left

rFire   + . .        c - +3 short sword (venom)
rCold   . . .        i - +1 buckler
rNeg    . . .        (helmet restricted)
rPois   .            (no amulet)
rElec   +            d - ring "Xizelint" {rElec EV+5 Dex-2 Slay+2}
rCorr   .            l - +4 ring of protection
SInv    .            w - +4 ring of protection
Will    .....        y - +5 ring of evasion Stlth
                     D - ring of protection from fire
HPRegen 0.37/turn    (no ring)
MPRegen 0.17/turn    (no ring)
                     (no ring)

%: no passive effects
@: berserking (expiring), studying Invocations, very quick
A: almost no armour, amphibious, 8 rings, camouflage 1, gelatinous body 1,
(nimble swimmer 1), tentacles, tentacle spike 1, shaggy fur 1
a: Renounce Religion


You were on level 9 of the Dungeon.
You worshipped Vehumet.
Vehumet was pleased with you.
You visited 2 branches of the dungeon, and saw 10 of its levels.

You collected 591 gold pieces.
You spent 313 gold pieces at shops.

Inventory:

Hand Weapons
 c - a +3 short sword of venom (weapon)
 s - a +4 quarterstaff of chaos
 E - a +2 scimitar
Missiles
 j - 6 datura-tipped darts (quivered)
 t - 17 throwing nets
Armour
 i - a +1 buckler (worn)
Magical Staves
 k - a staff of conjuration
Jewellery
 d - the ring "Xizelint" (left tentacle) {rElec EV+5 Dex-2 Slay+2}
   (You acquired it on level 2 of the Dungeon)

   [ring of evasion]

   EV:        It affects your evasion (+5).
   Dex:       It affects your dexterity (-2).
   Slay:      It affects your accuracy & damage with ranged weapons and melee
   (+2).
   rElec:     It insulates you from electricity.
 l - a +4 ring of protection (right tentacle)
 w - a +4 ring of protection (on tentacle)
 y - a +5 ring of evasion (on tentacle)
 D - a ring of protection from fire (on tentacle)
Wands
 f - a wand of flame (18)
 r - a wand of mindburst (22)
 u - a wand of charming (13)
 v - a wand of polymorph (4)
Scrolls
 a - 2 scrolls of fear
 b - a scroll of teleportation
 e - 3 scrolls of poison
 g - a scroll of vulnerability
 q - a scroll of enchant weapon
 C - 2 scrolls of immolation
Potions
 h - 3 potions of curing
 m - 2 potions of brilliance
 n - a potion of might
 o - 3 potions of attraction
 p - 2 potions of ambrosia
 x - a potion of haste
 A - a potion of invisibility
 B - a potion of mutation


   Skills:
 - Level 4.5 Fighting
 - Level 4.1 Dodging
 - Level 2.6 Stealth
 - Level 5.2 Shields
 + Level 7.1 Spellcasting
 + Level 6.8 Conjurations
 - Level 1.0 Transmutations
 + Level 7.0 Air Magic
 + Level 9.5 Poison Magic
 + Level 3.8 Evocations


You had 14 spell levels left.
You knew the following spells:

 Your Spells              Type           Power      Damage    Failure   Level
a - Sting                 Tmut/Pois      100%       1d8       1%          1
b - Poisonous Vapours     Pois/Air       84%        N/A       1%          2
c - Mephitic Cloud        Conj/Pois/Air  40%        N/A       1%          3
d - Olgreb's Toxic Radia  Pois           47%        N/A       2%          4

Your spell library contained the following spells:

 Spells                   Type           Power      Damage    Failure   Level
 Hailstorm                Conj/Ice       21%        3d6       10%         3
 Slow                     Hex            28%        N/A       13%         1
 Confusing Touch          Hex            7%         N/A       36%         3
 Vampiric Draining        Necr           7%         2d6       36%         3
 Freezing Cloud           Conj/Ice/Air   13%        6-21      50%         5


Dungeon Overview and Level Annotations

Branches:
Dungeon (9/15)             Temple (1/1) D:7
   Lair: D:8-11         Orc: D:9-12

Altars:
Ashenzari
Cheibriados
Elyvilon
Fedhas
Gozag
Hepliaklqana
Kikubaaqudgha
Makhleb
Nemelex Xobeh
Okawaru
Qazlal
Ru
Sif Muna
Trog
Uskayaw
Vehumet
Wu Jian
Xom
Yredelemnul
Zin
The Shining One

Shops:
D:2 [   D:3 [([[[   D:8 !(

Annotations:
D:9 2 runed translucent doors, Gastronok


Innate Abilities, Weirdness & Mutations

You cannot wear most types of armour.
You are amphibious.
You can wear up to eight rings at the same time.
Your skin changes colour to match your surroundings (Stealth+).
Your rubbery body absorbs attacks. (AC +1, EV +1)
((You are camouflaged when in or above water. (Stealth+)))
You have tentacles for arms and can constrict up to eight enemies at once.
One of your tentacles bears a spike.
You are covered in fur. (AC +1)


Message History

Okay, then.
You feel much better.
Casting: Poisonous Vapours (safe; 1% risk of failure)
Confirm with . or Enter, or press ? or * to list all spells.
Aiming: Poisonous Vapours (safe; 1% risk of failure)
Press: ? - help, Dir - move target, f/p - Gastronok
Aim: Gastronok, wearing a +0 hat (lightly wounded, extremely poisoned) Poisonous vapours surround Gastronok!
Gastronok looks as sick as possible!
Gastronok waves his eye-stalks in wide circles.
The air twists around and strikes you!!
Gastronok mumbles some strange words.
Gastronok puts on a burst of speed!
A red film seems to cover your vision as you go berserk!
You feel yourself moving faster!
You feel mighty!
You feel a strong urge to attack something.
You puncture Gastronok!
Gastronok looks as sick as possible!
You pierce Gastronok!
Gastronok is moderately wounded.
You puncture Gastronok!
Gastronok looks as sick as possible!
Your squeeze misses Gastronok.
Gastronok is moderately wounded.
Gastronok barely misses you.
You puncture Gastronok!
Gastronok looks as sick as possible!
You pierce Gastronok.
You tentacle-slap Gastronok. You squeeze Gastronok!
Gastronok is heavily wounded.
You puncture Gastronok!
You pierce Gastronok!
Gastronok is severely wounded.
Gastronok waves his eye-stalks in wide circles.
The air twists around and strikes you!!
* * * LOW HITPOINT WARNING * * *
You puncture Gastronok!
Gastronok looks as sick as possible!
Gastronok is severely wounded.
You hit Gastronok.
Gastronok looks as sick as possible!
You pierce Gastronok.
You squeeze Gastronok!
Gastronok is almost dead.
You hit Gastronok.
Gastronok is almost dead.
Gastronok waves his eye-stalks in wide circles.
The air twists around and strikes you!!
You die...

........#.......#
..........###..#
.....[....# #.#
++###.....####.#
... #......#...#
. #..........#
#........###
#.........#
#......@..#
#.....#w..#
.../..)#.###
...........
........#...
......###.. .##.
.. ..#


You could see Gastronok (swift, extremely poisoned).

Vanquished Creatures
  A boulder beetle (D:8)
  A kobold demonologist (D:8)
  A troll (D:9)
  Sigmund (D:3)
  A wraith (D:9)
  10 yaks
  Grum (D:8)
  2 water moccasins
  An orc warrior (D:8)
  3 sky beasts
  4 black bears
  An ogre (D:5)
  3 centaurs
  Blork the orc (D:4)
  2 phantoms
  A kobold brigand (D:7)
  5 bullfrogs
  2 gnoll sergeants (D:8)
  8 scorpions
  3 wights
  6 killer bees
  3 electric eels (D:8)
  A jelly (D:4)
  15 hounds
  7 orc priests
  Crazy Yiuf (D:4)
  3 iguanas
  2 gnoll boudas (D:8)
  Terence (D:2)
  A sleepcap (D:5)
  Natasha (thrice) (D:3)
  4 orc wizards
  Robin (D:2)
  27 gnolls
  5 adders
  3 shadow imps
  A white imp (D:6)
  2 ufetubi
  2 worms (D:5)
  3 dart slugs (D:4)
  35 orcs
  11 ball pythons
  8 endoplasms
  5 giant cockroaches
  11 goblins
  11 hobgoblins
  2 jackals (D:8)
  12 kobolds
  4 quokkas
  7 bats
  2 frilled lizards
  3 rats
254 creatures vanquished.

Vanquished Creatures (others)
  A gnoll (D:4)
  A kobold (D:4)
2 creatures vanquished.

Grand Total: 256 creatures vanquished

Notes
Turn   | Place    | Note
-------+----------+-------------------------------------------
     0 | D:1      | Ijustatesigmund the Octopode Venom Mage began the quest for
                  | the Orb.
     0 | D:1      | Reached XP level 1. HP: 11/11 MP: 3/3
   277 | D:1      | Reached XP level 2. HP: 16/18 MP: 3/5
   280 | D:1      | Learned a level 2 spell: Poisonous Vapours
   622 | D:1      | Reached skill level 1 in Fighting
   622 | D:1      | Reached skill level 4 in Poison Magic
  1099 | D:2      | Reached XP level 3. HP: 8/23 MP: 1/6
  1338 | D:2      | Found a faded altar of an unknown god.
  1398 | D:2      | Noticed Robin
  1413 | D:2      | Noticed Terence
  1433 | D:2      | Killed Robin
  1434 | D:2      | Reached skill level 1 in Air Magic
  1693 | D:1      | Reached XP level 4. HP: 20/29 MP: 5/8
  1732 | D:1      | Learned a level 3 spell: Mephitic Cloud
  2140 | D:2      | Found Plog's Armour Emporium.
  2186 | D:2      | Identified a scroll of acquirement
  2186 | D:2      | Acquired the ring "Xizelint" {rElec EV+5 Dex-2 Slay+2}
  2198 | D:2      | Bought a +0 buckler for 49 gold pieces
  2352 | D:2      | Killed Terence
  2353 | D:2      | Reached XP level 5. HP: 34/34 MP: 4/9
  2715 | D:3      | Found Zugunott's Antique Weapon Boutique.
  2724 | D:3      | Noticed Natasha
  2729 | D:3      | Killed Natasha
  2730 | D:3      | Reached skill level 1 in Conjurations
  3142 | D:3      | Noticed Sigmund
  3153 | D:3      | Killed Sigmund
  3154 | D:3      | Reached skill level 1 in Shields
  3154 | D:3      | Reached skill level 5 in Poison Magic
  3154 | D:3      | Reached XP level 6. HP: 39/39 MP: 1/11
  3650 | D:3      | Found Marug's Antique Armour Boutique.
  3823 | D:3      | Found Kaoniw's Armour Emporium.
  3897 | D:3      | Noticed Natasha
  3906 | D:3      | Killed Natasha
  4097 | D:3      | Found Haiso's Armour Shoppe.
  4106 | D:3      | Found Qizoer Fadio's Antique Armour Emporium.
  4145 | D:3      | Noticed Natasha
  4151 | D:3      | Killed Natasha
  4422 | D:4      | Reached XP level 7. HP: 44/44 MP: 7/12
  4539 | D:4      | Noticed Blork the orc
  4560 | D:4      | Killed Blork the orc
  5258 | D:4      | Found a runed translucent door.
  5259 | D:4      | Noticed Crazy Yiuf
  5270 | D:4      | Killed Crazy Yiuf
  5271 | D:4      | Reached skill level 6 in Poison Magic
  5692 | D:5      | Entered Level 5 of the Dungeon
  5729 | D:5      | Reached XP level 8. HP: 50/50 MP: 9/14
  6121 | D:5      | Learned a level 4 spell: Olgreb's Toxic Radiance
  6274 | D:5      | Found a white marble altar of Elyvilon.
  6306 | D:5      | Found a snail-covered altar of Cheibriados.
  6782 | D:7      | Reached skill level 7 in Poison Magic
  6959 | D:6      | Reached skill level 5 in Spellcasting
  6959 | D:6      | Reached XP level 9. HP: 44/55 MP: 4/16
  7088 | D:6      | Found a sparkling altar of Nemelex Xobeh.
  7419 | D:6      | Reached skill level 5 in Air Magic
  7499 | D:6      | Reached skill level 5 in Conjurations
  7500 | D:6      | Reached skill level 8 in Poison Magic
  8240 | D:7      | Found a staircase to the Ecumenical Temple.
  8250 | Temple   | Entered the Ecumenical Temple
  8454 | Temple   | Became a worshipper of Vehumet
  8566 | D:7      | Found a glowing silver altar of Zin.
  8566 | D:7      | Found a sacrificial altar of Ru.
  8617 | D:7      | Reached XP level 10. HP: 40/65 MP: 17/19
  9154 | D:8      | Reached skill level 1 in Evocations
  9817 | D:8      | Found Zish's Distillery.
  9905 | D:8      | Bought a potion of invisibility for 88 gold pieces
  9905 | D:8      | Bought a potion of mutation for 88 gold pieces
  9905 | D:8      | Bought a potion of mutation for 88 gold pieces
  9905 | D:8      | Gained mutation: You are covered in fur. (AC +1) [potion of
                  | mutation]
  9905 | D:8      | Gained mutation: One of your tentacles bears a spike.
                  | [potion of mutation]
  9969 | D:8      | Noticed a boulder beetle
  9981 | D:8      | Killed a boulder beetle
 10086 | D:8      | Reached * piety under Vehumet
 10086 | D:8      | Offered knowledge of Foxfire by Vehumet.
 10091 | D:8      | Reached skill level 9 in Poison Magic
 10364 | D:8      | Noticed a kobold demonologist
 10374 | D:8      | Killed a kobold demonologist
 10981 | D:8      | Noticed Grum
 10995 | D:8      | Killed Grum
 11271 | D:8      | Reached ** piety under Vehumet
 11273 | D:8      | Offered knowledge of Static Discharge by Vehumet.
 11278 | D:8      | Reached skill level 5 in Shields
 11278 | D:8      | Reached XP level 11. HP: 70/70 MP: 11/21
 11624 | D:8      | Offered knowledge of Hailstorm by Vehumet.
 11731 | D:8      | Found Beg Umm's Weapon Shop.
 11927 | D:9      | Found a runed translucent gate.
 11929 | D:9      | Found a runed translucent gate.
 11932 | D:9      | Noticed Gastronok
 11949 | D:9      | Killed from afar by Gastronok

Illustrated notes

Levels and vault maps discovered:
D:1:      saegor_arrival_simple_c, layout_loops_ring
D:2:      layout_loops_corners, dreamdust_ecumenical_altar_grove, serial_shops,
          nicolae_shop_window_shopping, minmay_heptomino_o4, uniq_terence,
          uniq_robin
D:3:      layout_basic, serial_shops, shop, shop, shop,
          nicolae_shop_hallway_stairs, shop, kennysheep_nondescript,
          uniq_natasha, uniq_sigmund
D:4:      layout_basic, uniq_blork_the_orc, uniq_crazy_yiuf_cottage
D:5:      layout_rooms, mainiacjoe_overflow_swirl
D:6:      layout_gridville, mainiacjoe_overflow_surrounded_room,
          minmay_misc_feat_more_columns
D:7:      layout_rooms, gammafunk_temple_overflow_elements,
          minmay_temple_entry_poolview, minmay_misc_feat_encased, minmay_holes
D:8:      layout_cave_pools, serial_gnoll_camp, gnoll_camp_mini_hut,
          gnoll_camp_mini_shop, gnoll_camp_huts_moat, grums_kennel,
          gnoll_camp_mini_shop, gnoll_camp_mini_basic, special_room
          [special_room_orc], uniq_grum
D:9:      layout_cave_pools, gammafunk_ghost_necromancy, uniq_gastronok,
          uniq_harold
Temple:   eino_temple_scatter_basement

Skill      XL: |  1  2  3  4  5  6  7  8  9 10 11 |
---------------+----------------------------------+-----
Fighting       | 1 2 4 |  4.5
Poison Magic   | 4 5 6 7 8 9 |  9.5
Air Magic      | 1 2 3 4 5 6 7 |  7.0
Spellcasting   | 3 4 5 6 7 |  7.1
Conjurations   | 1 2 3 4 5 6 |  6.8
Shields        | 1 2 3 5 |  5.2
Evocations     | 3 |  3.8
Dodging        | 3 4 |  4.1
Stealth        | |  2.6
Transmutations | |  1.0

Action                     |  1- 3 |  4- 6 |  7- 9 | 10-12 || total
---------------------------+-------+-------+-------+-------++-------
  Melee: Unarmed           |    37 |       |       |       ||    37
         Constrict         |    20 |    16 |    34 |    40 ||   110
         Tentacles         |    13 |    15 |    25 |    42 ||    95
         Dagger            |    51 |    19 |       |       ||    70
         Punch             |     2 |     1 |     3 |     2 ||     8
         Short sword       |       |    34 |   125 |   156 ||   315
         Kick              |       |       |       |    51 ||    51
  Throw: Dart              |       |       |     2 |       ||     2
   Cast: Sting             |    11 |     7 |     8 |     8 ||    34
         Poisonous Vapours |    18 |    40 |    45 |    25 ||   128
         Mephitic Cloud    |       |     2 |     8 |     6 ||    16
         Olgreb's Toxic Ra |       |       |    11 |    26 ||    37
    Use: Scroll            |     8 |     3 |     5 |     3 ||    19
         Potion            |     4 |       |     5 |     3 ||    12
   Stab: Sleeping          |     1 |       |     2 |     2 ||     5
         Confused          |       |     1 |     2 |       ||     3
         Distracted        |       |       |     1 |       ||     1
 Armour: Skin              |    47 |     1 |    25 |    30 ||   103
  Dodge: Dodged            |    57 |    29 |   133 |   139 ||   358
  Block: Buckler           |       |       |    13 |    47 ||    60

Table legend: (Time is in decaauts)
 A = Elapsed time spent in this place.
 B = Non-inter-level travel time spent in this place.
 C = Inter-level travel time spent in this place.
 D = Time resting spent in this place.
 E = Time spent auto-exploring this place.
 F = Levels seen in this place.
 G = Mean time per level.
                   A        B        C        D        E       F      G
               +--------+--------+--------+--------+--------+-----+--------+
         Total |  11989 |  11722 |    267 |   4535 |   5470 |  10 | 1198.9 |
       Dungeon |  11767 |  11549 |    218 |   4535 |   5316 |   9 | 1307.4 |
        Temple |    221 |    173 |     48 |      0 |    154 |   1 |  221.0 |
               +--------+--------+--------+--------+--------+-----+--------+

Top non-repeatable levels by time:
     D:7: 2538 daAuts
     D:2: 1780 daAuts
     D:3: 1617 daAuts
     D:4: 1575 daAuts
     D:8: 1547 daAuts
     D:6: 941 daAuts
     D:1: 935 daAuts
     D:5: 684 daAuts
  Temple: 221 daAuts
     D:9: 147 daAuts
